 Dungeon Crawl Stone Soup version 0.28-a0-895-g6e5f11bd55 (webtiles) character file.

Game seed: 13690213525499521731

760 hellse the Thaumaturge (level 7, -4/37 (40) HPs)
             Began as a Deep Elf Conjurer on Nov 22, 2021.
             Slain by a killer bee (5 damage)
             ... on level 6 of the Dungeon.
             The game lasted 00:09:43 (6075 turns).

hellse the Thaumaturge (Deep Elf Conjurer)          Turns: 6075, Time: 00:09:43

HP:   -4/37 (40)    AC:  2    Str:  4    XL:     7   Next: 51%
MP:   20/20         EV: 12    Int: 25    God:
Gold: 183           SH:  0    Dex: 13    Spells: 12/22 levels left

rFire   . . .      SeeInvis .   j - +2 spear (freeze)
rCold   . . .      Faith    .   (no shield)
rNeg    . . .      Spirit   .   a - +0 robe
rPois   .          Reflect  .   (no helmet)
rElec   .          Harm     .   (no cloak)
rCorr   .          Rampage  .   (no gloves)
Will    .....                   (no boots)
Stlth   ++........              (no amulet)
HPRegen 0.12/turn               (no ring)
MPRegen 0.17/turn               (no ring)

@: drained
A: no striking features
a: no special abilities


You were on level 6 of the Dungeon.
You visited 2 branches of the dungeon, and saw 7 of its levels.

You collected 183 gold pieces.

Inventory:

Hand Weapons
 c - a +3 mace
 h - a +2 mace of holy wrath
 j - a +2 spear of freezing (weapon)
Missiles
 d - a throwing net
Armour
 a - a +0 robe (worn)
Jewellery
 b - a ring of positive energy
 u - an amulet of the acrobat
Wands
 s - a wand of mindburst (6)
Scrolls
 o - a scroll of blinking
 p - a scroll of enchant weapon
 q - a scroll of noise {unknown}
Potions
 e - 3 potions of heal wounds {unknown}
 f - a potion of flight
 g - 2 potions of attraction
 i - a potion of berserk rage
 k - 4 potions of curing {unknown}
 l - 3 potions of mutation {unknown}
 m - 3 potions of brilliance
 n - 3 potions of ambrosia {unknown}
 r - a potion of haste {unknown}
 t - a potion of resistance {unknown}


   Skills:
 - Level 2.7 Fighting
 - Level 2.4 Dodging
 - Level 2.4 Stealth
 - Level 8.1 Spellcasting
 - Level 7.0 Conjurations
 + Level 0.0 Translocations


You had 12 spell levels left.
You knew the following spells:

 Your Spells              Type           Power      Damage    Failure   Level
a - Magic Dart            Conj           100%       1d8       1%          1
b - Searing Ray           Conj           90%        2d7       1%          2
c - Iskenderun's Mystic   Conj/Tloc      27%        2d7       14%         4
d - Dazzling Flash        Conj/Hex       54%        N/A       4%          3

Your spell library contained the following spells:

 Spells                   Type           Power      Damage    Failure   Level
 Animate Skeleton         Necr           20%        N/A       6%          1
 Apportation              Tloc           20%        N/A       6%          1
 Pain                     Necr           40%        1d6       6%          1
 Slow                     Hex            40%        N/A       6%          1
 Fulminant Prism          Conj/Hex       13%        3d9       14%         4
 Confusing Touch          Hex            10%        N/A       19%         3
 Vampiric Draining        Necr           10%        2d6       19%         3
 Alistair's Intoxication  Tmut/Pois      6%         N/A       86%         5


Dungeon Overview and Level Annotations

Branches:
Dungeon (6/15)             Temple (1/1) D:5

Altars:
Ashenzari
Cheibriados
Dithmenos
Gozag
Hepliaklqana
Makhleb
Nemelex Xobeh
Ru
Sif Muna
Uskayaw
Xom
Yredelemnul
Zin
The Shining One

Annotations:
D:5 3 runed translucent doors, RancidPinata's ghost, novice GrGl; browni3141's ghost, weakling DjDe; ytrimaz's ghost, novice HOFi


Message History

* * * LOW HITPOINT WARNING * * *
Unknown command.
The searing ray hits the wight.
You destroy the wight!
Your Conjurations skill increases to level 7!
Unknown command.
Unknown command.
You start resting.
Magic restored.
You start resting.
HP restored.
Things that are here:
a +0 long sword; a +0 robe
m - 3 potions of brilliance (gained 2)
Found a stone staircase leading up.
A centaur comes into view.
It is wielding a +0 mace and carrying a wand of acid (8).
There is a stone staircase leading up here. 2 killer bees and a white imp come into view.
The killer bee buzzes angrily.
You hear an angry buzzing noise. x2
A killer bee comes into view. x2
A killer bee comes into view.
The killer bee buzzes angrily.
The white imp shouts, "Take thy face hence, thou gleeking two-tin-hat haggard!"
The killer bee buzzes angrily. x2
The centaur shouts!
The centaur unwields a +0 mace.
The centaur wields a +0 shortbow.
The centaur shoots an arrow.
The arrow hits you! The white imp gestures at you. The puff of frost hits you.
You hear an angry buzzing noise.
The killer bee buzzes angrily.
The killer bee stings you!
A killer bee comes into view.
The killer bee stings you. The killer bee stings you!
* * * LOW HITPOINT WARNING * * *
There is a stone staircase leading up here.
The killer bee stings you.
* * * LOW HITPOINT WARNING * * *
The killer bee stings you.
You die...

... #y....# ..#. #
....#.....##.... .
....#.....#..... .
....y........... .
........cy.###.. .
......##y#....# .
.......y.#....... .
......yy.###..... .
.......@## ##.... ..
...^.....##.#...........
........................
.......##...............
..........#.............
....##..#.#.............
.....#..###..........#>.
.....................#..
##......#...............


You could see a centaur and 6 killer bees.

Vanquished Creatures
  2 phantoms (D:5)
  2 scorpions (D:5)
  A wight (D:6)
  A bullfrog zombie (D:5)
  An orc priest (D:6)
  A bullfrog skeleton (D:5)
  Jessica (D:2)
  4 orc wizards
  7 gnolls
  5 adders
  2 adder zombies (D:2)
  4 adder skeletons
  2 worms
  6 dart slugs
  11 orcs
  9 ball pythons
  4 bats
  5 endoplasms
  4 giant cockroaches
  6 goblins
  7 hobgoblins
  4 jackals (D:3)
  4 quokkas
  3 frilled lizards
  A jackal skeleton (D:2)
  9 kobolds
  4 rats
110 creatures vanquished.

Vanquished Creatures (others)
  A jelly (D:5)
  3 plants (D:3)
  A withered plant (D:2)
5 creatures vanquished.

Grand Total: 115 creatures vanquished

Notes
Turn   | Place    | Note
-------+----------+-------------------------------------------
     0 | D:1      | hellse the Deep Elf Conjurer began the quest for the Orb.
     0 | D:1      | Reached XP level 1. HP: 10/10 MP: 6/6
   294 | D:1      | Reached XP level 2. HP: 15/15 MP: 5/8
   299 | D:1      | Reached skill level 5 in Conjurations
   314 | D:1      | Learned a level 2 spell: Searing Ray
   841 | D:1      | Reached XP level 3. HP: 19/19 MP: 6/9
  1724 | D:2      | Reached XP level 4. HP: 24/24 MP: 7/11
  1738 | D:2      | Reached skill level 4 in Spellcasting
  2202 | D:2      | Noticed Jessica
  2207 | D:2      | Killed Jessica
  2208 | D:2      | Reached XP level 5. HP: 28/28 MP: 7/14
  2470 | D:2      | Learned a level 4 spell: Iskenderun's Mystic Blast
  2502 | D:3      | Reached skill level 5 in Spellcasting
  2604 | D:5      | Entered Level 5 of the Dungeon
  2662 | D:5      | Reached skill level 6 in Spellcasting
  2704 | D:5      | Learned a level 3 spell: Dazzling Flash
  2783 | D:5      | Reached XP level 6. HP: 26/32 MP: 3/17
  2915 | D:5      | Reached skill level 7 in Spellcasting
  3234 | D:5      | Found a runed translucent gate.
  3235 | D:5      | Found a runed translucent gate.
  3236 | D:5      | Found a runed translucent gate.
  3237 | D:5      | Noticed RancidPinata's ghost (novice GrGl)
  3238 | D:5      | Noticed browni3141's ghost (weakling DjDe)
  3238 | D:5      | Noticed ytrimaz's ghost (novice HOFi)
  3268 | D:5      | Reached skill level 8 in Spellcasting
  3634 | D:5      | Reached skill level 1 in Fighting
  3678 | D:5      | Reached XP level 7. HP: 39/39 MP: 12/20
  3764 | D:5      | Found a glowing golden altar of the Shining One.
  3768 | D:5      | Found a basalt altar of Yredelemnul.
  3914 | D:5      | Found a staircase to the Ecumenical Temple.
  3920 | Temple   | Entered the Ecumenical Temple
  4167 | D:4      | Found a sacrificial altar of Ru.
  4309 | D:3      | Found a faded altar of an unknown god.
  6075 | D:6      | HP: 1/37 [killer bee (5)]
  6075 | D:6      | Slain by a killer bee

Illustrated notes

Levels and vault maps discovered:
D:1:      lightli_arrival_boilingwater, layout_basic, moated_statue,
          minmay_misc_feat_secret_circle
D:2:      layout_loops_ring, serial_undead, serial_undead_b, serial_undead_a,
          serial_undead_c, serial_undead_e, serial_undead_e, uniq_jessica
D:3:      layout_basic, shapermc_ecumenical_altar_totnotflames, nrook_campfire,
          serial_bayou_pond_b, minmay_starry_boxes
D:4:      layout_loops_ring, nicolae_ru_great_annihilating_truth,
          gammafunk_ghost_grave, minmay_misc_feat_more_columns,
          hangedman_decor_diamond_cutter
D:5:      layout_cave_pools, grunt_temple_overflow_holy_war,
          minmay_temple_entry_enclosed_plants, gammafunk_ghost_cemetery
D:6:      layout_cave_pools, mainiacjoe_overflow_brackets, serial_shops,
          nicolae_shop_behind_doors, lemuel_flamethrower_2, uniq_blork_the_orc
Temple:   bh_familiar_temple

Skill      XL: |  1  2  3  4  5  6  7 |
---------------+----------------------+-----
Conjurations   | 5 6 7 |  7.0
Spellcasting   | 4 6 8 |  8.1
Fighting       | 1 2 |  2.7
Dodging        | |  2.4
Stealth        | |  2.4

Action                   |  1- 3 |  4- 6 |  7- 9 || total
-------------------------+-------+-------+-------++-------
Melee: Mace              |     3 |       |       ||     3
       Spear             |       |     4 |    42 ||    46
 Cast: Magic Dart        |    69 |    78 |    39 ||   186
       Searing Ray       |     3 |    14 |    10 ||    27
  Use: Scroll            |       |     2 |     6 ||     8
 Stab: Sleeping          |       |       |     4 ||     4
       Distracted        |       |       |     1 ||     1
Armor: Robe              |     2 |     3 |     7 ||    12
Dodge: Dodged            |     6 |    10 |    28 ||    44

Table legend: (Time is in decaauts)
 A = Elapsed time spent in this place.
 B = Non-inter-level travel time spent in this place.
 C = Inter-level travel time spent in this place.
 D = Time resting spent in this place.
 E = Time spent auto-exploring this place.
 F = Levels seen in this place.
 G = Mean time per level.
                   A        B        C        D        E       F      G
               +--------+--------+--------+--------+--------+-----+--------+
         Total |   6085 |   5873 |    212 |   1636 |   3366 |   7 |  869.3 |
       Dungeon |   5913 |   5713 |    200 |   1636 |   3209 |   6 |  985.5 |
        Temple |    171 |    159 |     12 |      0 |    157 |   1 |  171.0 |
               +--------+--------+--------+--------+--------+-----+--------+

Top non-repeatable levels by time:
     D:2: 1459 daAuts
     D:3: 1380 daAuts
     D:5: 1349 daAuts
     D:1: 1025 daAuts
     D:6: 528 daAuts
  Temple: 171 daAuts
     D:4: 169 daAuts
